 Dungeon Crawl Stone Soup version 0.28.0-43-g3370ac3207 (webtiles) character file.

Game seed: 7121233872210652543

5436 safid the Severer (level 10, -5/90 HPs)
             Began as a Hill Orc Fighter on Mar 21, 2022.
             Was a Follower of Beogh.
             Killed from afar by a steam dragon (9 damage)
             ... with a ball of steam
             ... on level 9 of the Dungeon.
             The game lasted 00:19:16 (12305 turns).

safid the Severer (Hill Orc Fighter)               Turns: 12305, Time: 00:19:17

Health: -5/90      AC: 16    Str: 30    XL:     10   Next: 68%
Magic:  10/10      EV:  7    Int:  8    God:    Beogh [*.....]
Gold:   676        SH:  4    Dex: 10    Spells: 9/9 levels left

rFire   . . .      SeeInvis .   f - +4 war axe
rCold   . . .      Faith    .   c - +0 buckler
rNeg    . . .      Spirit   .   C - +0 plate armour
rPois   .          Reflect  .   j - +0 helmet
rElec   .          Harm     .   e - +0 cloak
rCorr   .          Rampage  .   (no gloves)
Will    .....                   (no boots)
Stlth   ..........              (no amulet)
HPRegen 0.25/turn               i - +6 ring of strength
MPRegen 0.12/turn               (no ring)

@: very slow
A: no striking features
a: Renounce Religion


You were on level 9 of the Dungeon.
You worshipped Beogh.
Beogh was aware of your devotion.
You visited 1 branch of the dungeon, and saw 10 of its levels.
You also visited: Sewer.

You collected 676 gold pieces.

Inventory:

Hand Weapons
 f - a +4 war axe (weapon)
Missiles
 q - 21 poisoned darts (quivered)
 y - 3 throwing nets
Armour
 c - a +0 buckler (worn)
 e - a +0 cloak (worn)
 j - a +0 helmet (worn)
 C - a +0 plate armour (worn)
Jewellery
 i - a +6 ring of strength (left hand)
Wands
 b - a wand of paralysis (5)
 m - a wand of iceblast (2)
 o - a wand of flame (12)
 w - a wand of acid (19)
Scrolls
 g - 6 scrolls of teleportation
 h - 2 scrolls of summoning
 l - a scroll of magic mapping {unknown}
 n - a scroll of noise {unknown}
 r - 2 scrolls of fear
 u - 2 scrolls of vulnerability
 x - a scroll of enchant armour {unknown}
Potions
 a - 2 potions of degeneration {unknown}
 d - a potion of might
 k - a potion of attraction {unknown}
 p - a potion of cancellation
 s - 4 potions of invisibility
 t - a potion of haste {unknown}
 v - a potion of curing
 z - a potion of resistance {unknown}
 A - a potion of heal wounds {unknown}
 D - 2 potions of magic {unknown}


   Skills:
 + Level 8.5 Fighting
 - Level 16.0 Axes
 + Level 8.0 Armour
 - Level 4.0 Shields


You had 9 spell levels left.
You didn't know any spells.
Your spell library contained the following spells:

 Spells                   Type           Power      Damage    Failure   Level
 Blink                    Tloc           0%         N/A       100%        2
 Conjure Flame            Conj/Fire      0%         6-21      100%        3
 Dazzling Flash           Conj/Hex       0%         N/A       100%        3
 Gell's Gravitas          Tloc           0%         N/A       100%        3
 Ignite Poison            Fire/Tmut/Pois 0%         N/A       100%        3
 Lesser Beckoning         Tloc           0%         N/A       100%        3
 Mephitic Cloud           Conj/Pois/Air  0%         N/A       100%        3
 Teleport Other           Tloc           0%         N/A       100%        3
 Animate Dead             Necr           0%         N/A       100%        4
 Sticky Flame             Conj/Fire      0%         2d3       100%        4
 Agony                    Necr           0%         N/A       100%        5
 Borgnjor's Vile Clutch   Necr/Erth      0%         N/A       100%        5
 Freezing Cloud           Conj/Ice/Air   0%         6-21      100%        5
 Manifold Assault         Tloc           0%         N/A       100%        5
 Silence                  Hex/Air        0%         N/A       100%        5
 Death Channel            Necr           0%         N/A       100%        6
 Dispersal                Tloc           0%         N/A       100%        6


Dungeon Overview and Level Annotations

Branches:
Dungeon (10/15)            Temple (0/1) D:4           Sewer (visited)
   Lair: D:8-11         Orc: D:9-12

Altars:
Elyvilon
Makhleb
Okawaru
The Shining One

Annotations:
D:2 1 runed translucent door, Crazy Yiuf
D:4 3 runed translucent doors, WaxSun's ghost, novice HuDe


Message History

You slash the steam dragon!
You kill the steam dragon!
Beogh accepts your kill.
You are engulfed in a cloud of scalding steam.
The sky beast hits you but does no damage.
You slash the sky beast!
The sky beast is heavily wounded.
The sky beast hits you but does no damage.
You slash the sky beast!
The sky beast is almost dead.
The sky beast hits you.
* * * LOW HITPOINT WARNING * * *
The sky beast shocks you.
* * * LOW HITPOINT WARNING * * *
You closely miss the sky beast.
The sky beast is almost dead.
The sky beast hits you.
* * * LOW HITPOINT WARNING * * *
The sky beast shocks you.
* * * LOW HITPOINT WARNING * * *
You barely miss the sky beast.
The sky beast is almost dead.
You miss the sky beast.
The sky beast is almost dead.
The sky beast barely misses you.
You hit the sky beast but do no damage.
The sky beast is almost dead.
The sky beast hits you but does no damage.
You hit the sky beast.
You kill the sky beast!
Beogh accepts your kill.
A sky beast comes into view.
Your Armour skill increases to level 8!
You enter the shallow water.
Moving in this stuff is going to be slow.
The steam dragon bites you but does no damage.
The steam dragon barely misses you. The steam dragon breathes steam at you.
The ball of steam hits you!
You die...
D

########### §..
#.........#
≈≈#..##########.........#
≈≈...Y.D@.....'.........#
≈≈...##########.........#
Y≈. #.........# §
#.........# ####'######
##.# ###>.# #...## #
##'########


You could see a steam dragon (catching breath) and a sky beast.

Vanquished Creatures
  Pikel (D:7)
  Prince Ribbit (D:8)
  Eustachio (D:6)
  2 steam dragons (D:9)
  Edmund (D:6)
  Menkaure (D:6)
  Duvessa (D:7)
  2 water moccasins
  A sky beast (D:9)
  3 orc warriors
  A black bear (D:5)
  3 ogres
  2 necrophages
  4 centaurs
  3 lemures (D:7)
  2 phantoms
  2 kobold brigands
  2 scorpions
  A wyvern skeleton (D:6)
  A water moccasin zombie (D:5)
  Dowan (D:7)
  15 killer bees
  6 wights (D:6)
  6 howler monkeys
  2 lava snakes (D:8)
  A jelly (D:6)
  A centaur zombie (D:7)
  2 gnoll shamans
  2 orc priests (D:9)
  2 hounds
  Jessica (D:2)
  Ijyb (D:5)
  5 iguanas
  3 orc wizards
  A hound skeleton (D:4)
  A howler monkey zombie (D:7)
  Robin (D:1)
  19 gnolls
  11 adders
  3 river rats (Sewer)
  A white imp (D:8)
  An ufetubus (D:4)
  2 worms (D:4)
  A dart slug (D:4)
  31 orcs
  A bat (D:1)
  6 endoplasms
  8 giant cockroaches
  15 hobgoblins
  13 jackals
  3 quokkas
  12 ball pythons
  3 frilled lizards
  18 goblins
  15 kobolds
  A quokka skeleton (D:4)
  8 rats
258 creatures vanquished.

Vanquished Creatures (others)
  An orc (D:7)
  6 fungi (D:2)
  17 plants
24 creatures vanquished.

Grand Total: 282 creatures vanquished

Notes
Turn   | Place    | Note
-------+----------+-------------------------------------------
     0 | D:1      | safid the Hill Orc Fighter began the quest for the Orb.
     0 | D:1      | Reached XP level 1. HP: 19/19 MP: 1/1
   200 | D:1      | Reached XP level 2. HP: 27/27 MP: 2/2
   374 | D:1      | Reached skill level 3 in Axes
   946 | D:2      | Noticed Robin
  1013 | D:1      | Reached XP level 3. HP: 21/33 MP: 3/3
  1017 | D:1      | Killed Robin
  1295 | D:2      | Noticed Jessica
  1298 | D:2      | Killed Jessica
  1299 | D:2      | Reached skill level 4 in Axes
  1299 | D:2      | Reached XP level 4. HP: 36/40 MP: 4/4
  1360 | D:2      | Found a faded altar of an unknown god.
  1471 | D:2      | Found a white marble altar of Elyvilon.
  1492 | D:2      | Found a runed translucent door.
  1493 | D:2      | Noticed Crazy Yiuf
  2409 | D:3      | Found a glowing drain.
  2418 | D:3      | Reached skill level 5 in Axes
  2424 | Sewer    | Entered a sewer
  2439 | Sewer    | Reached XP level 5. HP: 33/46 MP: 5/5
  2628 | Sewer    | Reached skill level 6 in Axes
  2803 | Sewer    | Noticed a kobold brigand
  2824 | Sewer    | Killed a kobold brigand
  2825 | Sewer    | Reached skill level 7 in Axes
  2825 | Sewer    | Reached XP level 6. HP: 26/52 MP: 6/6
  4068 | D:4      | Reached skill level 8 in Axes
  4428 | D:4      | Reached XP level 7. HP: 56/59 MP: 7/7
  4456 | D:4      | Found a burning altar of Makhleb.
  4481 | D:4      | Reached skill level 9 in Axes
  4661 | D:4      | Found a staircase to the Ecumenical Temple.
  4681 | D:4      | Found a runed translucent gate.
  4681 | D:4      | Found a runed translucent gate.
  4681 | D:4      | Noticed WaxSun's ghost (novice HuDe)
  4682 | D:4      | Found a runed translucent gate.
  5036 | D:4      | Reached skill level 10 in Axes
  5811 | D:5      | Entered Level 5 of the Dungeon
  5873 | D:5      | Reached XP level 8. HP: 63/66 MP: 8/8
  5946 | D:5      | Noticed Ijyb
  5960 | D:5      | Killed Ijyb
  5961 | D:5      | Reached skill level 11 in Axes
  6726 | D:5      | Reached skill level 12 in Axes
  7219 | D:6      | Found a burning altar of Makhleb.
  7219 | D:6      | Noticed a blizzard demon
  7223 | D:6      | Noticed Edmund
  7264 | D:5      | Reached skill level 13 in Axes
  7491 | D:6      | Killed Edmund
  7492 | D:6      | Reached XP level 9. HP: 17/71 MP: 9/9
  7768 | D:6      | Noticed Eustachio
  7777 | D:6      | Killed Eustachio
  7778 | D:6      | Reached skill level 14 in Axes
  7854 | D:6      | Noticed Menkaure
  7860 | D:6      | Killed Menkaure
  8135 | D:6      | Reached skill level 15 in Axes
  8552 | D:7      | Noticed Dowan
  8552 | D:7      | Noticed Duvessa
  8570 | D:7      | Killed Duvessa
  8575 | D:7      | Killed Dowan
  8626 | D:7      | Found an iron altar of Okawaru.
  8628 | D:7      | Found a glowing golden altar of the Shining One.
  8660 | D:7      | Reached skill level 16 in Axes
  8713 | D:7      | Reached skill level 5 in Fighting
  8749 | D:7      | Reached skill level 5 in Armour
  8752 | D:7      | You fall into a shaft and drop 3 floors!
  8752 | D:10     | Entered Level 10 of the Dungeon
  9006 | D:9      | Reached XP level 10. HP: 45/83 MP: 10/10
  9895 | D:7      | Became a worshipper of Beogh the Brigand
  9896 | D:7      | Noticed Pikel
  9912 | D:7      | Killed Pikel
 10543 | D:8      | Noticed a centaur warrior
 10628 | D:8      | Noticed Prince Ribbit
 10648 | D:8      | Killed Prince Ribbit
 11837 | D:9      | Reached * piety under Beogh
 12300 | D:9      | HP: 3/90 [sky beast (6)]
 12305 | D:9      | Killed from afar by a steam dragon

Illustrated notes

Levels and vault maps discovered:
D:1:      onia_arrival_mini_spirals, layout_loops_ring
D:2:      layout_loops_ring, basic_altar, dreamdust_ecumenical_altar_grove,
          minmay_box_of_dots, uniq_robin, uniq_crazy_yiuf_cottage, uniq_jessica
D:3:      layout_basic, portal_sewer_entry_a
D:4:      minmay_polygon_palace, layout_loops_ring,
          minmay_temple_entry_glassed_door, gammafunk_ghost_nasty_kobolds,
          minmay_ruined_shrine
D:5:      layout_basic, uniq_ijyb
D:6:      layout_loops_cross, makhleb_altar_promises_db, uniq_edmund,
          uniq_eustachio, uniq_menkaure
D:7:      layout_cave_pods, chequers_temple_overflow_statue_of_worship,
          enter_bailey_5, uniq_duvessa, uniq_pikel
D:8:      layout_loops_ring, kennysheep_island_fort, uniq_prince_ribbit1
D:9:      layout_roguey, hiddenorc1_lemuel, hangedman_misty_isle
D:10:     layout_irregular_city, mainiacjoe_overflow_six_doors_small,
          serial_column_ruins, column_ruins_hut, column_ruins_grid_4,
          column_ruins_open_large, column_ruins_grid_1, column_ruins_grid_1,
          column_ruins_corridor_straight, column_ruins_open_small,
          uniq_josephine

Skill      XL: |  1  2  3  4  5  6  7  8  9 10 |
---------------+-------------------------------+-----
Axes           | 3 4 5 7 8 10 13 16 | 16.0
Fighting       | 4 5 8 |  8.5
Armour         | 4 5 8 |  8.0
Shields        | 4 |  4.0

Action                   |  1- 3 |  4- 6 |  7- 9 | 10-12 || total
-------------------------+-------+-------+-------+-------++-------
Melee: War axe           |    88 |   217 |   341 |   198 ||   844
Invok: Convert to Beogh  |       |       |       |     1 ||     1
Evoke: Wand              |       |     1 |     1 |       ||     2
  Use: Scroll            |       |       |     6 |     1 ||     7
       Potion            |       |       |       |     2 ||     2
 Stab: Distracted        |       |       |       |     2 ||     2
Armor: Scale mail        |    46 |   109 |   135 |    15 ||   305
       Plate armour      |       |       |       |    93 ||    93
Dodge: Dodged            |    45 |    99 |   135 |    55 ||   334
Block: Buckler           |    17 |    49 |    73 |    26 ||   165
